 Dungeon Crawl Stone Soup version 0.31-a0-799-g6bc09d010c (webtiles) character file.

Game seed: 2103265014191159365

60 Maratek the Stinger (level 3, -6/19 HPs)
             Began as a Deep Elf Venom Mage on Sept 19, 2023.
             Mangled by a gnoll
             ... wielding a +0 spear
              (7 damage)
             ... on level 3 of the Dungeon.
             The game lasted 00:07:15 (2212 turns).

Maratek the Stinger (Deep Elf Venom Mage)           Turns: 2212, Time: 00:07:16

Health: -6/19      AC:  3    Str:  5    XL:     3   Next: 82%
Magic:  3/10       EV: 12    Int: 21    God:
Gold:   134        SH:  0    Dex: 15    Spells: 8/9 levels left

rFire   + . .        (no weapon)
rCold   . . .        (no shield)
rNeg    . . .        a - +0 robe
rPois   +            (no helmet)
rElec   .            (no cloak)
rCorr   .            (no gloves)
SInv    .            f - +0 pair of boots
Will    .....        (no amulet)
Stlth   ++           j - ring of protection from fire
HPRegen 0.23/turn    k - ring of poison resistance
MPRegen 0.12/turn

%: no passive effects
@: no status effects
A: no striking features
a: no special abilities


You were on level 3 of the Dungeon.
You visited 1 branch of the dungeon, and saw 3 of its levels.

You collected 134 gold pieces.

Inventory:

Armour
 a - a +0 robe (worn)
 f - a +0 pair of boots (worn)
Jewellery
 j - a ring of protection from fire (left hand)
 k - a ring of poison resistance (right hand)
Scrolls
 e - 2 scrolls of identify
 h - a scroll of enchant armour
 i - a scroll of teleportation
Potions
 b - a potion of magic
 c - a potion of ambrosia {unknown}
 d - 2 potions of degeneration {unknown}
 g - 2 potions of haste {unknown}
 l - a potion of enlightenment {unknown}


   Skills:
 + Level 2.5 Dodging
 + Level 2.7 Stealth
 + Level 0.2 Unarmed Combat
 + Level 3.9 Spellcasting
 + Level 1.9 Transmutations
 + Level 4.2 Poison Magic


You had 8 spell levels left.
You knew the following spells:

 Your Spells              Type           Power      Damage    Failure   Level
a - Sting                 Tmut/Pois      68%        1d6       3%          1

Your spell library contained the following spells:

 Spells                   Type           Power      Damage    Failure   Level
 Poisonous Vapours        Pois/Air       26%        N/A       8%          2
 Mephitic Cloud           Conj/Pois/Air  10%        N/A       21%         3
 Olgreb's Toxic Radiance  Pois           21%        N/A       22%         4


Dungeon Overview and Level Annotations

Branches:
Dungeon (3/15)

Altars:
Dithmenos
The Shining One


Message History

You are too injured to fight recklessly!
Aiming: Sting (safe; 3% risk of failure)
Press: ? - help, Q - select action Shift-Dir - straight line, f - gnoll
Aim: a gnoll, wielding a +0 spear (77% to hit)
You miscast Sting.
You are very lightly contaminated with residual magic.
Nothing appears to happen.
The gnoll barely misses you.
Aiming: Sting (safe; 3% risk of failure)
Press: ? - help, Q - select action Shift-Dir - straight line, f/p - gnoll
Aim: a gnoll, wielding a +0 spear (77% to hit)
The sting hits the gnoll.
The gnoll is poisoned.
The gnoll is moderately wounded.
The gnoll barely misses you.
A gnoll comes into view. It is wielding a +0 spear of venom.
Aiming: Sting (safe; 3% risk of failure)
Press: ? - help, Q - select action Shift-Dir - straight line, f/p - gnoll
Aim: a gnoll, wielding a +0 spear (heavily wounded, poisoned, 77% to hit)
The sting hits the gnoll but does no damage.
The gnoll looks even sicker.
The gnoll is heavily wounded.
The gnoll completely misses you. The gnoll attacks as it pursues you!
The gnoll hits you from afar with a +0 spear.
* * * LOW HITPOINT WARNING * * *
Aiming: Sting (safe; 3% risk of failure)
Press: ? - help, Q - select action Shift-Dir - straight line, f/p - gnoll
Aim: a gnoll, wielding a +0 spear (heavily wounded, very poisoned, 77% to hit)
The sting hits the gnoll.
The gnoll looks even sicker.
The gnoll is heavily wounded.
The gnoll hits you from afar with a +0 spear.
* * * LOW HITPOINT WARNING * * *
Your magical contamination has completely faded away.
Aiming: Sting (safe; 3% risk of failure)
Press: ? - help, Q - select action Shift-Dir - straight line, f - gnoll, p - gnoll
Aim: a gnoll, wielding a +0 spear of venom (77% to hit)
Out of range.
Okay, then.
The gnoll hits you from afar with a +0 spear!
You die...

# .# #######..#
#..gg.)..#
#####@####...##
#................
##.##.#.##.######
#.##.#....#
#.......#############
####.#....†..........
...#.##############
#####.# #. #.# #.#


You could see 2 gnolls.

Vanquished Creatures
  2 adders
  2 dart slugs
  2 orcs (D:3)
  An endoplasm (D:3)
  A giant cockroach (D:2)
  4 hobgoblins
  3 jackals (D:2)
  A kobold (D:1)
  A quokka (D:3)
  A ball python (D:1)
  4 bats (D:1)
  3 frilled lizards (D:2)
  6 goblins
  4 rats
35 creatures vanquished.

Notes
Turn   | Place    | Note
-------+----------+-------------------------------------------
     0 | D:1      | Maratek the Deep Elf Venom Mage began the quest for the
                  | Orb.
     0 | D:1      | Reached XP level 1. HP: 10/10 MP: 6/6
   323 | D:1      | Reached XP level 2. HP: 15/15 MP: 5/8
  1255 | D:2      | Reached XP level 3. HP: 19/19 MP: 1/10
  1412 | D:2      | Found a faded altar of an unknown god.
  2013 | D:3      | Reached skill level 4 in Poison Magic
  2067 | D:3      | Found a glowing golden altar of the Shining One.
  2077 | D:3      | Found a shadowy altar of Dithmenos.
  2212 | D:3      | Mangled by a gnoll

Illustrated notes

Levels and vault maps discovered:
D:1:      giann_wishing_wells, layout_loops_cross, chequers_arboretum,
          nrook_loot_triangle
D:2:      layout_loops_ring, shapermc_ecumenical_altar_hornbeckon
D:3:      layout_basic, nicolae_dithmenos_shadow_blocks,
          mainiacjoe_overflow_catch_the_wave, serial_shops, shop

Skill      XL: |  1  2  3 |
---------------+----------+-----
Poison Magic   | 4 |  4.2
Dodging        | |  2.5
Stealth        | |  2.7
Unarmed Combat | |  0.2
Spellcasting   | |  3.9
Transmutations | |  1.9

Action                     || total
---------------------------++-------
  Melee: Unarmed           ||     2
   Cast: Sting             ||    80
    Use: Scroll            ||     4
 Armour: Robe              ||    18
  Dodge: Dodged            ||    38

Table legend: (Time is in decaauts)
 A = Elapsed time spent in this place.
 B = Non-inter-level travel time spent in this place.
 C = Inter-level travel time spent in this place.
 D = Time resting spent in this place.
 E = Time spent auto-exploring this place.
 F = Levels seen in this place.
 G = Mean time per level.
                   A        B        C        D        E       F      G
               +--------+--------+--------+--------+--------+-----+--------+
         Total |   2216 |   2103 |    113 |     56 |   1742 |   3 |  738.7 |
       Dungeon |   2216 |   2103 |    113 |     56 |   1742 |   3 |  738.7 |
               +--------+--------+--------+--------+--------+-----+--------+

Top non-repeatable levels by time:
     D:1: 961 daAuts
     D:2: 914 daAuts
     D:3: 340 daAuts
